 Dungeon Crawl Stone Soup version 0.24-a0-479-g9a978d2 (webtiles) character file.

Game seed: 5489394995129391980

44 relicbr the Gusty (level 3, 0/19 HPs)
             Began as a Tengu Air Elementalist on July 7, 2019.
             Slain by an adder (2 damage)
             ... on level 2 of the Dungeon.
             The game lasted 00:04:11 (1477 turns).

relicbr the Gusty (Tengu Air Elementalist)          Turns: 1477, Time: 00:04:12

Health: 0/19       AC:  2    Str:  8    XL:     3   Next: 62%
Magic:  0/7        EV: 12    Int: 16    God:
Gold:   71         SH:  0    Dex: 14    Spells: 3/6 levels left

rFire    . . .     SeeInvis .   e - +0 dagger
rCold    . . .     Gourm    .   (no shield)
rNeg     . . .     Faith    .   a - +0 robe
rPois    .         Spirit   .   (helmet restricted)
rElec    .         Reflect  .   (no cloak)
rCorr    .         Harm     .   (no gloves)
MR       .....                  (boots unavailable)
Stlth    ++........             (no amulet)
HPRegen  0.06/turn              (no ring)
MPRegen  0.10/turn              (no ring)

@: lethally poisoned (0 -> -4)
A: beak, talons 3
a: no special abilities


You were on level 2 of the Dungeon.
You were not hungry.

You visited 1 branch of the dungeon, and saw 2 of its levels.

You collected 71 gold pieces.

Inventory:

Hand Weapons
 e - a +0 dagger (weapon)
Missiles
 j - a throwing net (quivered)
Armour
 a - a +0 robe (worn)
Jewellery
 k - an uncursed ring of wizardry {unknown}
Scrolls
 d - a scroll of fear {unknown}
 f - a scroll of fog {unknown}
 g - a scroll of enchant armour {unknown}
 h - a scroll of amnesia {unknown}
 i - a scroll of identify {unknown}
Potions
 b - a potion of berserk rage {unknown}
Comestibles
 c - 2 rations


   Skills:
 - Level 2.1 Dodging
 - Level 2.0 Stealth
 - Level 2.0 Spellcasting
 - Level 1.3 Conjurations
 * Level 6.0 Air Magic


You had 3 spell levels left.
You knew the following spells:

 Your Spells              Type           Power        Failure   Level  Hunger
a - Shock                 Conj/Air       ##..         4%          1    #......
b - Swiftness             Chrm/Air       ##......     9%          2    ###....

Your spell library contained the following spells:

 Spells                   Type           Power        Failure   Level  Hunger
 Static Discharge         Conj/Air       ##......     14%         3    ###....
 Airstrike                Air            ###.......   17%         4    #####..
 Lightning Bolt           Conj/Air       ##........   77%         5    ######.


Dungeon Overview and Level Annotations

Branches:
Dungeon (2/15)

Altars:


Innate Abilities, Weirdness & Mutations

You have a beak for a mouth.
You have claws for feet.


Message History

Press: ? - help, Shift-Dir - straight line, f/p - adder
Aim: an adder (severely wounded)
The zap misses the adder.
You feel sick. The adder misses you. The adder closely misses you.
Unknown command.
Casting: Shock (safe; 4% risk of failure)
Confirm with . or Enter, or press ? or * to list all spells.
You don't have enough magic to cast that spell.
Unknown command.
You barely miss the adder. Your kick misses the adder.
The adder is severely wounded.
The adder closely misses you.
You closely miss the adder.
The adder is severely wounded.
You feel sick. The adder bites you.
* * * LOW HITPOINT WARNING * * *
You hit the adder.
The adder is almost dead.
The adder bites you but does no damage. The adder bites you.
You die...

#...#.##########
#...#.#...>....#
#....#........#
.##########..#........#
.......<รท.)...........#
.###########.#........#
##.#..<.....#
#..#........#
######.@..########
#......S### ....###...#
. #.#.# #.#.....#
#.##....# ... #...# #.#
...# #.# ...#


You could see an adder.

Vanquished Creatures
  An adder (D:2)
  An ooze (D:1)
  2 dart slugs (D:1)
  A leopard gecko (D:2)
  A giant cockroach (D:1)
  5 goblins (D:1)
  3 hobgoblins
  A kobold (D:1)
  6 bats (D:1)
  5 rats (D:1)
26 creatures vanquished.

Notes
Turn   | Place    | Note
-------+----------+-------------------------------------------
     0 | D:1      | relicbr the Tengu Air Elementalist began the quest for the
                  | Orb.
     0 | D:1      | Reached XP level 1. HP: 10/10 MP: 4/4
   130 | D:1      | Reached XP level 2. HP: 15/15 MP: 0/6
   191 | D:1      | Learned a level 2 spell: Swiftness
   514 | D:1      | Reached skill level 5 in Air Magic
   807 | D:1      | Reached XP level 3. HP: 19/19 MP: 3/7
  1374 | D:2      | Reached skill level 6 in Air Magic
  1477 | D:2      | Slain by an adder

Levels and vault maps discovered:
D:1:      dpeg_arrival_tiny_a, layout_basic, minmay_misc_feat_tower,
          minmay_octomino_e4
D:2:      layout_rooms, lemuel_doored_altar, first_ration,
          nemelex_diamond_rough_becter

Skill      XL: |  1  2  3 |
---------------+----------+-----
Air Magic      | 5 6 |  6.0
Dodging        | |  2.1
Stealth        | |  2.0
Spellcasting   | |  2.0
Conjurations   | |  1.3

Action                   || total
-------------------------++-------
Melee: Dagger            ||    17
       Club              ||     4
       Kick              ||     4
       Peck              ||     1
 Cast: Shock             ||    63
 Stab: Sleeping          ||     1
  Eat: Chunk             ||     3
Armor: Robe              ||     8
Dodge: Dodged            ||    17

Table legend:
 A = Non-vault XP
 B = Vault XP
 C = Vault XP percentage of total XP
 D = Non-vault monster count
 E = Vault monster count
 F = Vault count percentage of total count
                 A         B        C        D         E       F
            +---------+---------+-------+---------+---------+-------
      Total |      59 |       5 |   7.8 |      23 |       3 |  11.5
            +---------+---------+-------+---------+---------+-------
        D:1 |      41 |       5 |  10.9 |      20 |       3 |  13.0
        D:2 |      18 |       0 |   0.0 |       3 |       0 |   0.0
            +---------+---------+-------+---------+---------+-------
